 Dungeon Crawl Stone Soup version 0.28.0-53-g5a82cb258f (webtiles) character file.

Game seed: 17247228883637142484

562 Zeld the Skirmisher (level 7, -1/64 HPs)
             Began as a Minotaur Berserker on June 17, 2022.
             Was a Believer of Trog.
             Succumbed to a gnoll sergeant's poison
             ... on level 3 of the Dungeon.
             The game lasted 00:03:14 (5713 turns).

Zeld the Skirmisher (Minotaur Berserker)            Turns: 5713, Time: 00:03:15

Health: -1/64      AC:  5    Str: 23    XL:     7   Next: 10%
Magic:  6/6        EV: 12    Int:  4    God:    Trog [**....]
Gold:   142        SH:  0    Dex: 10    Spells: 6/6 levels left

rFire   . . .      SeeInvis .   a - +2 hand axe (vorpal)
rCold   . . .      Faith    .   (no shield)
rNeg    . . .      Spirit   .   b - +0 animal skin
rPois   .          Reflect  .   (helmet restricted)
rElec   .          Harm     .   (no cloak)
rCorr   .          Rampage  .   i - +2 pair of gloves
Will    +....                   (no boots)
Stlth   +.........              (no amulet)
HPRegen 0.20/turn               m - ring of willpower
MPRegen 0.10/turn               (no ring)

@: lethally poisoned (-1 -> -18)
A: horns 2, retaliatory headbutt
a: Renounce Religion, Berserk, Trog's Hand


You were on level 3 of the Dungeon.
You worshipped Trog.
Trog was pleased with you.
You visited 1 branch of the dungeon, and saw 5 of its levels.

You collected 142 gold pieces.

Inventory:

Hand Weapons
 a - a +2 vorpal hand axe (weapon)
Missiles
 u - 146 stones
 v - 25 sling bullets
 w - 17 arrows
Armour
 b - a +0 animal skin (worn)
 i - a +2 pair of gloves (worn)
Jewellery
 m - a ring of willpower (left hand)
Wands
 o - a wand of acid (3)
Scrolls
 c - 5 scrolls of fear {unknown}
 d - 2 scrolls of enchant weapon {unknown}
 e - 3 scrolls of identify {unknown}
 l - a scroll of amnesia {unknown}
 n - a scroll of enchant armour {unknown}
 p - a scroll of fog {unknown}
 q - 2 scrolls of teleportation {unknown}
 r - a scroll of magic mapping {unknown}
 t - a scroll of torment {unknown}
 x - a scroll of silence {unknown}
Potions
 g - a potion of haste {unknown}
 h - a potion of magic {unknown}
 j - a potion of lignification {unknown}
 k - a potion of might {unknown}
 s - a potion of mutation {unknown}


   Skills:
 * Level 6.3 Fighting
 * Level 6.3 Axes
 + Level 4.3 Armour
 + Level 4.0 Dodging


You had 6 spell levels left.
You didn't know any spells.
Your spell library was empty.

Dungeon Overview and Level Annotations

Branches:
Dungeon (5/15)
 Temple: D:4-7

Altars:
Gozag
Nemelex Xobeh
Sif Muna


Innate Abilities, Weirdness & Mutations

You have a pair of horns on your head.
You reflexively headbutt those who attack you in melee.


Message History

* * * LOW HITPOINT WARNING * * *
You feel very sick.
* * * LOW HITPOINT WARNING * * *
You feel sick.
It was a potion of heal wounds.
You feel much better.
You feel sick.
The gnoll sergeant hits you from afar with a +3 spear of venom!
* * * LOW HITPOINT WARNING * * *
You are more poisoned.
Unknown command.
You feel much better.
You feel very sick.
The gnoll sergeant hits you from afar with a +3 spear of venom!
You are more poisoned.
You feel extremely sick. The gnoll sergeant barely misses you.
You feel very sick.
You feel the effects of Trog's Hand fading.
You feel very sick.
You feel very sick.
You feel very sick.
You feel sick.
You feel sick.
You feel sick.
Your skin stops crawling.
You feel less strong-willed.
You feel sick.
You feel sick.
You feel sick.
You feel sick.
You feel sick.
You are no longer poisoned.
Things that are here:
a +0 spear; a +0 flail; a gnoll corpse
There is a stone staircase leading down here.
You can't go up here!
There is a stone staircase leading up here.
The gnoll sergeant hits you from afar with a +3 spear of venom!
* * * LOW HITPOINT WARNING * * *
You are lethally poisoned!
You climb upwards.
You die...

..# #.#.# ###...#.### ### #.#.#
#.#...... #.#.# ##### #.#...###
#.#.# #...# #.#...# #.#.# #.>.#
#.#...### ##########.#.# #...#
####.....
...†.......#.######.#.###########
############.##...........#
......#......##.@.#.8.#.>.#
#####.#)####.##...........# #.#.#
#.######.#.######## #.#.#
#.................# #.#.#
#......#.⌠.#......# #.#.#
#.................# #.#.#
#.######.#.######.#### #.#.#
#.##...........##.....
#.#.####.##.<.#.8.#.<.#######


There were no monsters in sight!

Vanquished Creatures
  Sigmund (D:3)
  An ogre (D:4)
  2 scorpions (D:4)
  2 hounds (D:4)
  An orc priest (D:3)
  An adder (D:2)
  2 gnolls (D:4)
  2 worms
  A dart slug (D:1)
  11 orcs
  10 endoplasms
  5 giant cockroaches
  8 hobgoblins
  5 kobolds
  2 quokkas (D:3)
  5 ball pythons
  4 bats
  4 frilled lizards
  9 goblins
  5 rats
81 creatures vanquished.

Notes
Turn   | Place    | Note
-------+----------+-------------------------------------------
     0 | D:1      | Zeld the Minotaur Berserker began the quest for the Orb.
     0 | D:1      | Reached XP level 1. HP: 19/19 MP: 0/0
   149 | D:1      | Reached XP level 2. HP: 20/27 MP: 1/1
   859 | D:1      | Found a faded altar of an unknown god.
  1621 | D:2      | Reached XP level 3. HP: 28/33 MP: 2/2
  1825 | D:2      | Reached ** piety under Trog
  2737 | D:3      | Noticed Sigmund
  2751 | D:3      | Killed Sigmund
  2752 | D:3      | Reached skill level 5 in Fighting
  2752 | D:3      | Reached skill level 5 in Axes
  2752 | D:3      | Reached XP level 4. HP: 33/42 MP: 3/3
  2752 | D:3      | Reached XP level 5. HP: 38/48 MP: 4/4
  3032 | D:3      | Found a shimmering blue altar of Sif Muna.
  3754 | D:4      | Noticed an ogre
  3761 | D:4      | Killed an ogre
  3762 | D:4      | Reached XP level 6. HP: 57/57 MP: 5/5
  4243 | D:4      | Reached XP level 7. HP: 39/63 MP: 6/6
  4948 | D:4      | Found a sparkling altar of Nemelex Xobeh.
  5149 | D:5      | Entered Level 5 of the Dungeon
  5189 | D:5      | Found an opulent altar of Gozag.
  5678 | D:4      | HP: 2/64 [poisoned by a gnoll sergeant]
  5713 | D:3      | Succumbed to a gnoll sergeant's poison

Illustrated notes

Levels and vault maps discovered:
D:1:      enne_arrival_octagon_isle, layout_basic,
          shapermc_ecumenical_altar_hornbeckon, glass_columns_c,
          grunt_decor_cap, minmay_pentomino_t4
D:2:      layout_loops_ring
D:3:      layout_basic, led_sif_book, nicolae_elevator_lobby_plus, uniq_sigmund
D:4:      layout_loops_cross, nemelex_dance_club_becter
D:5:      layout_cave_pods, evilmike_ruin_ashenzari, grunt_gozag_statues,
          elyvilon_altar_4

Skill      XL: |  1  2  3  4  5  6 |
---------------+-------------------+-----
Fighting       | 4 5 6 |  6.3
Axes           | 4 5 6 |  6.3
Armour         | 3 4 |  4.3
Dodging        | 3 4 |  4.0

Action                   |  1- 3 |  4- 6 |  7- 9 || total
-------------------------+-------+-------+-------++-------
Melee: Hand axe          |    92 |    40 |    18 ||   150
       Headbutt          |    10 |     4 |     5 ||    19
       Punch             |     1 |       |       ||     1
       Scythe            |       |    12 |       ||    12
Invok: Berserk           |     1 |     1 |       ||     2
       Trog's Hand       |       |       |     2 ||     2
  Use: Potion            |       |       |     2 ||     2
 Stab: Sleeping          |     2 |     2 |       ||     4
Armor: Animal skin       |    15 |    17 |     8 ||    40
Dodge: Dodged            |    52 |    21 |    19 ||    92
